 Dungeon Crawl Stone Soup version 0.23-b1-75-g379dba2534 (webtiles) character file.

Game seed: 3364258232730881552

3028 Peloso the Carver (level 9, -15/75 HPs)
             Began as a Minotaur Fighter on Feb 7, 2019.
             Was a Priest of Okawaru.
             Demolished by Grum
             ... wielding a +0 halberd
              (29 damage)
             ... on level 8 of the Dungeon.
             The game lasted 00:18:36 (7579 turns).

Peloso the Carver (Minotaur Fighter)                Turns: 7579, Time: 00:18:36

Health: -15/75     AC: 20    Str: 23    XL:     9   Next: 56%
Magic:  6/8        EV: 10    Int:  5    God:    Okawaru [***...]
Gold:   334        SH: 14    Dex: 11    Spells: 8/8 levels left

rFire    + . .     SeeInvis .   a - +1 long sword
rCold    . . .     Gourm    .   c - +1 shield
rNeg     + . .     Faith    .   H - +0 plate armour
rPois    .         Spirit   .   (helmet restricted)
rElec    .         Reflect  .   E - +0 cloak (curse)
rCorr    .         Harm     .   (no gloves)
MR       .....                  F - +1 pair of boots
Stlth    ..........             (no amulet)
HPRegen  0.22/turn              j - ring of positive energy
MPRegen  0.11/turn              x - ring of protection from fire

@: heroism
A: retaliatory headbutt, horns 2
a: Heroism, Renounce Religion


You were on level 8 of the Dungeon.
You worshipped Okawaru.
Okawaru was most pleased with you.
You were very hungry.

You visited 2 branches of the dungeon, and saw 9 of its levels.
You also visited: Ossuary.

You collected 397 gold pieces.
You spent 63 gold pieces at shops.

Inventory:

Hand Weapons
 a - a +1 long sword (weapon)
 A - a +0 hand axe of electrocution
Armour
 b - a +0 scale mail
 c - a +1 shield (worn)
 w - a +0 chain mail
 E - a cursed +0 cloak (worn)
 F - a +1 pair of boots (worn)
 H - a +0 plate armour (worn)
Jewellery
 j - a ring of positive energy (left hand)
 q - an uncursed ring of fire
 t - a +4 ring of intelligence
 x - a ring of protection from fire (right hand)
Wands
 B - a wand of random effects (13)
 J - a wand of digging (6)
Scrolls
 e - 3 scrolls of amnesia
 i - 4 scrolls of fog
 l - 3 scrolls of remove curse
 n - a scroll of enchant armour
 o - 2 scrolls of fear
 p - 3 scrolls of teleportation
 r - a scroll of noise
 y - a scroll of blinking {unknown}
 z - a scroll of magic mapping {unknown}
 D - a scroll of enchant weapon
 I - 2 scrolls of silence {unknown}
Potions
 d - 3 potions of might
 g - a potion of invisibility
 h - 6 potions of heal wounds
 k - a potion of agility
 m - 2 potions of brilliance
 s - 5 potions of flight
 u - 3 potions of resistance
 v - a potion of cancellation
 C - 2 potions of curing
 G - a potion of berserk rage
Comestibles
 f - 13 rations


   Skills:
 + Level 6.1(11.1) Fighting
 + Level 9.7(14.7) Long Blades
 + Level 8.9(13.9) Armour
 + Level 3.0(8.0) Dodging
 + Level 1.0(6.0) Stealth
 + Level 8.6(13.6) Shields


You had 8 spell levels left.
You didn't know any spells.
Your spell library contained the following spells:

 Spells                   Type           Power        Failure   Level  Hunger
 Animate Skeleton         Necr           N/A          99%         1    ##.....
 Apportation              Tloc           #.....       99%         1    ##.....
 Beastly Appendage        Tmut           #.....       99%         1    ##.....
 Confusing Touch          Hex            #.....       99%         1    ##.....
 Summon Small Mammal      Summ           #...         99%         1    ##.....
 Sticks to Snakes         Tmut           #.......     100%        2    ###....
 Spider Form              Tmut/Pois      #.........   100%        3    ####...
 Ice Form                 Ice/Tmut       #.......     100%        4    #####..
 Blade Hands              Tmut           #.........   100%        5    ######.


Dungeon Overview and Level Annotations

Branches:
Dungeon (8/15)             Temple (1/1) D:4
   Lair: D:8-11

Altars:
Ashenzari
Cheibriados
Elyvilon
Fedhas
Gozag
Hepliaklqana
Nemelex Xobeh
Okawaru
Ru
Sif Muna
Trog
Uskayaw
Vehumet
Wu Jian
Xom
Yredelemnul
Zin
The Shining One

Shops:
D:4 =

Annotations:
D:4 exclusion: oklob plant
D:8 Grum


Innate Abilities, Weirdness & Mutations

You reflexively headbutt those who attack you in melee.
You have a pair of horns on your head.


Message History

The wolf bites you but does no damage.
Unknown command.
You gain the combat prowess of a mighty hero.
The wolf bites you but does no damage. You block Grum's attack.
You block the wolf's attack.
You slash the wolf! Your headbutt misses the wolf.
The wolf is severely wounded.
You block the wolf's attack.
Unknown command.
You closely miss the wolf.
The wolf is severely wounded.
Grum hits you from afar with a +0 halberd!
* * * LOW HITPOINT WARNING * * *
The wolf bites you but does no damage.
Unknown command.
You closely miss the wolf. Your headbutt misses the wolf.
The wolf is severely wounded.
You block the wolf's attack.
Grum hits you from afar with a +0 halberd!!
You die...

########
#.@....##
#h###.....
##g#......#
#.h†....# #
#..#.#..#
#<......#
#...[....#..(.
#.###$####.###
... .


You could see Grum and 2 wolves.

Vanquished Creatures
  Pikel (D:6)
  A hippogriff (D:7)
  2 wraiths
  2 ice beasts
  A sky beast (D:5)
  A black bear (D:5)
  2 orc warriors
  2 ogres (D:6)
  A big kobold (D:6)
  4 bullfrogs
  A scorpion (D:4)
  A wight (D:8)
  A howler monkey (D:6)
  2 crimson imps
  A centaur zombie (D:6)
  A bullfrog zombie (D:7)
  2 human zombies (Ossuary)
  2 hounds
  2 jellies
  3 orc priests
  4 orc wizards
  A centaur skeleton (D:5)
  4 worker ants
  A hound zombie (D:5)
  3 mummies (Ossuary)
  2 worker ant zombies
  A howler monkey skeleton (D:6)
  7 adders
  A shadow imp (D:7)
  2 adder zombies
  An adder skeleton (D:6)
  3 worms
  4 dart slugs
  7 leopard geckos
  19 orcs
  A giant cockroach (D:7)
  2 gnoll zombies (Ossuary)
  9 goblins
  9 hobgoblins
  4 jackals (D:7)
  10 kobolds
  A quokka (D:3)
  2 ball pythons
  10 bats
  8 frilled lizards
  5 goblin zombies (Ossuary)
  3 hobgoblin zombies (Ossuary)
  2 kobold zombies (Ossuary)
  A leopard gecko zombie (D:5)
  6 rats
166 creatures vanquished.

Vanquished Creatures (others)
  8 toadstools (D:4)
8 creatures vanquished.

Grand Total: 174 creatures vanquished

Notes
Turn   | Place    | Note
-------+----------+-------------------------------------------
     0 | D:1      | Peloso the Minotaur Fighter began the quest for the Orb.
     0 | D:1      | Reached XP level 1. HP: 19/19 MP: 0/0
    99 | D:1      | Reached XP level 2. HP: 23/27 MP: 1/1
   517 | D:1      | Reached XP level 3. HP: 31/33 MP: 2/2
   667 | D:2      | Found a glowing golden altar of the Shining One.
   797 | D:2      | Found a sacrificial altar of Ru.
   802 | D:2      | Reached skill level 3 in Long Blades
  1289 | D:2      | Reached XP level 4. HP: 38/40 MP: 3/3
  1483 | D:3      | Reached skill level 1 in Dodging
  1579 | D:3      | Reached XP level 5. HP: 27/47 MP: 4/4
  1601 | D:3      | Found a glowing drain.
  1999 | D:4      | Reached skill level 4 in Long Blades
  1999 | D:4      | Reached skill level 5 in Armour
  2034 | D:4      | Found Naem's Jewellery Boutique.
  2042 | D:4      | Bought a cursed ring of attention for 63 gold pieces
  2396 | D:4      | Found a staircase to the Ecumenical Temple.
  2423 | Temple   | Entered the Ecumenical Temple
  2521 | Temple   | Became a worshipper of Warmaster Okawaru
  2754 | D:4      | Found a blossoming altar of Fedhas.
  2775 | D:4      | Noticed an oklob plant
  2912 | D:4      | Reached skill level 5 in Shields
  2912 | D:4      | Reached XP level 6. HP: 43/53 MP: 5/5
  3249 | D:5      | Entered Level 5 of the Dungeon
  3361 | D:5      | Reached skill level 5 in Long Blades
  3391 | D:5      | Noticed an ice beast
  3398 | D:5      | Killed an ice beast
  3398 | D:5      | Reached * piety under Okawaru
  3398 | D:5      | Reached XP level 7. HP: 60/60 MP: 6/6
  3480 | D:5      | Found a sand-covered staircase.
  3507 | D:5      | Found a sparkling altar of Nemelex Xobeh.
  3552 | Ossuary  | Entered an ossuary
  3552 | Ossuary  | Noticed a wraith
  3552 | Ossuary  | Noticed a wraith
  3552 | Ossuary  | Noticed a wraith
  3759 | Ossuary  | Noticed a wraith
  3779 | Ossuary  | Killed a wraith
  3779 | Ossuary  | Reached skill level 5 in Fighting
  4234 | Ossuary  | Reached skill level 6 in Long Blades
  4948 | D:5      | Reached ** piety under Okawaru
  4948 | D:5      | Reached XP level 8. HP: 55/68 MP: 7/7
  5241 | D:6      | Noticed Pikel
  5279 | D:6      | Killed Pikel
  5279 | D:6      | Reached skill level 7 in Long Blades
  5279 | D:6      | Reached skill level 1 in Stealth
  5452 | D:6      | Reached skill level 8 in Long Blades
  5686 | D:6      | Reached *** piety under Okawaru
  5723 | D:6      | Reached XP level 9. HP: 53/75 MP: 8/8
  6878 | D:7      | Reached skill level 9 in Long Blades
  7552 | D:8      | Noticed Grum
  7579 | D:8      | Demolished by Grum

Skill      XL: |  1  2  3  4  5  6  7  8  9 |
---------------+----------------------------+-----
Fighting       | 4 5 6 |  6.1
Armour         | 4 5 6 7 8 |  8.9
Shields        | 4 5 6 7 8 |  8.6
Long Blades    | 3 4 5 6 8 9 |  9.7
Dodging        | 1 2 3 |  3.0
Stealth        | 1 |  1.0

Action                   |  1- 3 |  4- 6 |  7- 9 || total
-------------------------+-------+-------+-------++-------
Melee: Long sword        |    90 |   125 |   344 ||   559
       Headbutt          |    13 |    24 |    71 ||   108
Invok: Heroism           |       |       |     2 ||     2
  Use: Scroll            |       |    14 |     9 ||    23
 Stab: Paralysed         |     1 |       |       ||     1
  Eat: Chunk             |     1 |     4 |     9 ||    14
       Ration            |       |     1 |     1 ||     2
Armor: Scale mail        |    49 |    75 |    26 ||   150
       Chain mail        |       |       |    49 ||    49
       Plate armour      |       |       |    81 ||    81
Dodge: Dodged            |    28 |    52 |    79 ||   159
Block: Shield            |    42 |    92 |   225 ||   359
       Rpst.: Long sword |     7 |     8 |    17 ||    32
